 Dungeon Crawl Stone Soup version 0.21-a0-522-ga8338f0 (webtiles) character file.

179 KristoblXynda the Slasher (level 5, 0/30 HPs)
             Began as a Tengu Gladiator on Dec 6, 2017.
             Slain by a river rat (8 damage)
             ... in a sewer.
             The game lasted 00:03:49 (2593 turns).

KristoblXynda the Slasher (Tengu Gladiator)         Turns: 2593, Time: 00:03:49

Health: 0/30       AC:  7    Str: 15    XL:     5   Next: 59%
Magic:  6/6        EV: 13    Int:  9    God:
Gold:   114        SH:  0    Dex: 15    Spells: 4/4 levels left

rFire    . . .     SeeInvis .   a - +0 long sword
rCold    . . .     Gourm    .   (no shield)
rNeg     . . .     Faith    .   l - +0 ring mail
rPois    .         Spirit   .   c - +0 hat
rElec    .         Reflect  .   e - +0 cloak
rCorr    .         Harm     .   o - +0 pair of gloves
MR       .....                  (boots unavailable)
Stlth    +.........             (no amulet)
HPRegen  0.10/turn              (no ring)
MPRegen  0.10/turn              (no ring)

@: very slow
A: beak, talons 3, able to fly 1
a: Fly


You were in a sewer.
You were hungry.

You visited 1 branch of the dungeon, and saw 3 of its levels.
You also visited: Sewer.

You collected 114 gold pieces.

Inventory:

Hand Weapons
 a - a +0 long sword (weapon)
Missiles
 d - 4 throwing nets (quivered)
Armour
 c - a +0 hat (worn)
 e - a +0 cloak (worn)
 l - a +0 ring mail (worn)
 o - a +0 pair of gloves (worn)
Wands
 r - a wand of polymorph (17)
Scrolls
 h - a scroll of magic mapping
 i - a scroll of teleportation
 j - a scroll of amnesia {unknown}
 k - a scroll of remove curse {unknown}
 m - 2 scrolls of blinking {unknown}
 n - a scroll of immolation {unknown}
 q - a scroll of fear {unknown}
Potions
 b - a potion of agility {unknown}
 g - a potion of invisibility
 p - a potion of flight
Comestibles
 f - a bread ration


   Skills:
 - Level 2.0 Fighting
 + Level 4.7 Long Blades
 - Level 2.0 Throwing
 + Level 3.0 Armour
 + Level 4.7 Dodging


You had 4 spell levels left.
You didn't know any spells.

Dungeon Overview and Level Annotations

Branches:
Dungeon (3/15)

Altars:


Innate Abilities, Weirdness & Mutations

You have a beak for a mouth.
You have claws for feet.
You can fly.


Message History

You kill the ball python!
Your unstable footing causes you to fumble your attack.
The river rat bites you.
Your unstable footing causes you to fumble your attack.
The river rat bites you!
You hit the river rat but do no damage.
You claw the river rat, but do no damage.
You are feeling hungry.
The river rat bites you.
Your unstable footing causes you to fumble your attack.
The river rat bites you. x2
Your unstable footing causes you to fumble your attack.
The river rat barely misses you.
You riposte.
Your unstable footing causes you to fumble your attack.
You hit the river rat. You claw the river rat. Your peck misses the river rat.
The river rat is heavily wounded.
The river rat bites you.
* * * LOW HITPOINT WARNING * * *
The river rat bites you!
You die...

## ###### #.
.#.#.# #≈
≈#≈#≈# #≈
≈#≈#≈#
#≈#≈#≈#≈#
≈≈≈#≈)≈#
#≈###(## #r#
#(# #@###≈#
#≈≈≈≈.# ##≈.≈##
#.≈≈# ≈. #.≈.#
..# ##≈≈.# ≈..#
##≈.≈≈#
≈≈.≈#####.≈.≈≈#
≈.≈.≈.≈≈≈.≈≈≈##


You could see a river rat.

Vanquished Creatures
  Crazy Yiuf (D:2)
  8 adders
  2 oozes
  A dart slug (D:1)
  2 leopard geckos (D:2)
  3 giant cockroaches (D:2)
  13 goblins
  6 hobgoblins
  4 jackals (D:2)
  7 kobolds
  4 ball pythons
  8 bats
  2 frilled lizards (D:1)
  4 rats
65 creatures vanquished.

Notes
Turn   | Place    | Note
-------+----------+-------------------------------------------
     0 | D:1      | KristoblXynda the Tengu Gladiator began the quest for the Orb.
     0 | D:1      | Reached XP level 1. HP: 12/12 MP: 2/2
    79 | D:1      | Reached XP level 2. HP: 17/17 MP: 3/3
   129 | D:1      | Reached skill level 1 in Armour
   806 | D:1      | Reached XP level 3. HP: 19/21 MP: 4/4
  1362 | D:2      | Reached XP level 4. HP: 23/26 MP: 5/5
  1572 | D:2      | Found a runed door.
  1958 | D:2      | Noticed Crazy Yiuf
  1966 | D:2      | Killed Crazy Yiuf
  1966 | D:2      | Gained mutation: You can fly. [Tengu growth]
  1966 | D:2      | Reached XP level 5. HP: 25/30 MP: 6/6
  2110 | D:3      | Found a glowing drain.
  2143 | Sewer    | Entered a sewer
  2593 | Sewer    | Slain by a river rat

Vault maps used:
D:1:      dpeg_arrival_rooms_b, minmay_quantized
D:2:      uniq_crazy_yiuf_cottage
D:3:      gup_sewer_entry_glass, first_bread
Sewer:    sewer_co_tree

Skill      XL: |  1  2  3  4  5 |
---------------+----------------+-----
Armour         | 1 2 3 |  3.0
Long Blades    | 4 |  4.7
Dodging        | 4 |  4.7
Fighting       | |  2.0
Throwing       | |  2.0

Action                   |  1- 3 |  4- 6 || total
-------------------------+-------+-------++-------
Melee: Long sword        |    67 |    67 ||   134
       Peck              |    10 |    10 ||    20
       Kick              |    16 |    25 ||    41
Throw: Throwing net      |       |     1 ||     1
  Use: Scroll            |       |     5 ||     5
  Eat: Chunk             |     1 |     4 ||     5
Armor: Leather armour    |    21 |       ||    21
       Ring mail         |     2 |    26 ||    28
Dodge: Dodged            |    54 |    73 ||   127
       Rpst.: Long sword |    20 |    20 ||    40

Table legend:
 A = Spawn XP
 B = Non-spawn XP
 C = Spawn XP percentage of total XP
 D = Spawn monster count
 E = Non-spawn monster count
 F = Spawn count percentage of total count
 G = Total turns spent on level
                    A         B        C        D         E        F      G
               +---------+---------+-------+---------+---------+-------+---------
         Total |       0 |     256 |   0.0 |       0 |      65 |   0.0 |  2593
               +---------+---------+-------+---------+---------+-------+---------
           D:1 |       0 |      45 |   0.0 |       0 |      25 |   0.0 |  1174
           D:2 |       0 |     131 |   0.0 |       0 |      27 |   0.0 |   865
           D:3 |       0 |      76 |   0.0 |       0 |      11 |   0.0 |   104
         Sewer |       0 |       4 |   0.0 |       0 |       2 |   0.0 |   450
               +---------+---------+-------+---------+---------+-------+---------
